 Dungeon Crawl Stone Soup version 0.30-a0-1035-g38d5fb2972 (webtiles) character file.

Game seed: 16338903671317769528

518 Querens the Shield-Bearer (level 7, -10/56 HPs)
             Began as a Formicid Fighter on Apr 8, 2023.
             Mangled by an ogre
             ... wielding a +0 giant club
              (29 damage)
             ... on level 5 of the Dungeon.
             The game lasted 00:09:35 (2448 turns).

Querens the Shield-Bearer (Formicid Fighter)        Turns: 2448, Time: 00:09:36

Health: -10/56     AC:  8    Str: 28    XL:     7   Next: 45%
Magic:  7/7        EV:  9    Int:  8    God:
Gold:   207        SH:  5    Dex: 13    Spells: 6/6 levels left

rFire   . . .      SeeInvis +    a - +0 war axe
rCold   . . .      Faith    .    c - +0 buckler
rNeg    . . .      Spirit   .    b - +0 scale mail
rPois   .          Reflect  .    (helmet unavailable)
rElec   .          Rampage  .    (no cloak)
rCorr   .                        (no gloves)
Will    .....                    r - +0 pair of boots Stlth
                                 (no amulet)
HPRegen 0.29/turn                x - +6 ring of strength
MPRegen 0.10/turn                (no ring)

@: no status effects
A: permanent stasis, dig shafts and tunnels, antennae 3, four strong arms
a: Dig, Shaft Self


You were on level 5 of the Dungeon.
You visited 2 branches of the dungeon, and saw 6 of its levels.

You collected 207 gold pieces.

Inventory:

Hand Weapons
 a - a +0 war axe (weapon)
 m - the +0 whip "Siosask" {freeze, rF++ rC- rN+}
   (You found it on level 2 of the Dungeon)

   rF:        It greatly protects you from fire.
   rC:        It makes you vulnerable to cold.
   rN:        It protects you from negative energy.
Missiles
 B - 4 curare-tipped darts
Armour
 b - a +0 scale mail (worn)
 c - a +0 buckler (worn)
 r - a +0 pair of boots (worn)
 v - the +1 leather armour of Hairiness {rC+ Str+4}
   (You found it on level 3 of the Dungeon)

   Str:       It affects your strength (+4).
   rC:        It protects you from cold.
 w - a +0 kite shield
 C - a +1 robe of fire resistance
Jewellery
 q - a ring of ice
 x - a +6 ring of strength (left hand)
Scrolls
 f - 2 scrolls of identify
 k - 2 scrolls of noise {unknown}
 l - a scroll of vulnerability {unknown}
 n - a scroll of fog {unknown}
 o - a scroll of amnesia {unknown}
 s - a scroll of fear {unknown}
 t - 2 scrolls of teleportation {unknown}
 u - 2 scrolls of blinking {unknown}
 y - 2 scrolls of immolation {unknown}
 A - 2 scrolls of silence {unknown}
 D - a scroll of enchant armour {unknown}
Potions
 d - a potion of might
 e - 3 potions of curing
 g - 2 potions of mutation {unknown}
 h - a potion of heal wounds {unknown}
 i - 2 potions of invisibility {unknown}
 j - a potion of degeneration {unknown}
 p - 2 potions of brilliance
 z - a potion of attraction {unknown}


   Skills:
 + Level 5.2 Fighting
 + Level 4.2 Axes
 + Level 5.1 Armour
 + Level 6.2 Shields


You had 6 spell levels left.
You didn't know any spells.
Your spell library contained the following spells:

 Spells                   Type           Power      Damage    Failure   Level
 Magic Dart               Conj           0%         1d3       73%         1
 Call Imp                 Summ           0%         N/A       86%         2
 Mephitic Cloud           Conj/Pois/Air  0%         N/A       97%         3


Dungeon Overview and Level Annotations

Branches:
Dungeon (5/15)             Temple (1/1) D:4

Altars:
Cheibriados
Elyvilon
Fedhas
Hepliaklqana
Makhleb
Ru
Sif Muna
Uskayaw
Vehumet
Yredelemnul
Zin
The Shining One

Shops:
D:2 [


Innate Abilities, Weirdness & Mutations

You cannot be hasted, slowed, berserked, paralysed or teleported.
You can dig through walls and to a lower floor.
You have a pair of large antennae on your head. (SInv)
Your four strong arms can wield two-handed weapons with a shield.


Message History

2 orcs, an orc wizard and an orc priest come into view.
The orc shouts! x2; The orc wizard shouts!
The orc priest shouts!
An ogre comes into view. It is wielding a +0 giant club.
An orc comes into view. It is wielding a +0 club.
The orc wizard moves out of view.
Found a ring mail.
The orc shouts!
You hit the orc.
The orc is almost dead.
Unknown command.
Unknown command.
You hit the orc but do no damage.
The orc is almost dead.
The orc priest calls down the wrath of Beogh upon you.
Beogh smites you! The orc barely misses you. The orc closely misses you.
The orc hits you with a +0 club.
Unknown command.
Unknown command.
You hit the orc.
The orc is moderately wounded.
You closely miss the orc. The orc hits you but does no damage. x2
Unknown command.
Unknown command.
You slash the orc!
You kill the orc!
You barely miss the orc.
The orc priest looks braver for a moment.
The orc hits you but does no damage.
Unknown command.
Unknown command.
You completely miss the orc. You hit the orc but do no damage.
You block the orc's attack. The orc completely misses you.
The ogre hits you with a +0 giant club!!
Unknown command.
Unknown command.
You barely miss the ogre. You slash the orc wizard! You hit the orc.
You kill the orc!
The ogre hits you with a +0 giant club!!
Ouch! That really hurt!
You die...

# #........#
#........# #######..#
#[...##..# .....#..#
....#..# ..o#..# #####
####o##..# #...#
#..o@##..#
+###...##+###...O....#
.......##..##........#
#...<.....!#.........#
#......†<.##....##..#
#.....##)h##....##..#
##.(>o.##o.##........#
.......##oY##........#
.......{Y$......) <.#


You could see an ogre, an orc priest, an orc wizard and an orc.

Vanquished Creatures
  A steam dragon (D:5)
  Blork the orc (D:5)
  2 hounds (D:4)
  An orc priest (D:3)
  2 jellies (D:3)
  Jessica (D:3)
  4 adders
  2 ufetubi
  2 worms
  5 dart slugs
  6 orcs
  17 endoplasms
  3 giant cockroaches
  7 goblins
  9 hobgoblins
  2 jackals (D:1)
  9 kobolds
  2 quokkas
  5 ball pythons
  5 bats
  9 frilled lizards
  2 rats
97 creatures vanquished.

Vanquished Creatures (others)
  An orc (D:5)
  6 fungi (D:3)
  7 toadstools (D:3)
14 creatures vanquished.

Grand Total: 111 creatures vanquished

Notes
Turn   | Place    | Note
-------+----------+-------------------------------------------
     0 | D:1      | Querens the Formicid Fighter began the quest for the Orb.
     0 | D:1      | Reached XP level 1. HP: 18/18 MP: 1/1
    72 | D:1      | Reached XP level 2. HP: 20/24 MP: 2/2
   299 | D:1      | Reached XP level 3. HP: 29/29 MP: 3/3
   406 | D:1      | Found a faded altar of an unknown god.
   538 | D:2      | Found Oruis's Antique Armour Shoppe.
   606 | D:2      | Reached XP level 4. HP: 20/37 MP: 4/4
   733 | D:2      | Found a radiant altar of Vehumet.
   792 | D:2      | Identified the +0 whip "Siosask" {freeze, rF++ rC- rN+}
  1153 | D:3      | Reached XP level 5. HP: 13/42 MP: 5/5
  1322 | D:3      | Reached skill level 5 in Shields
  1394 | D:3      | Reached XP level 6. HP: 18/49 MP: 6/6
  1405 | D:3      | Identified the +1 leather armour of Hairiness {rC+ Str+4}
  1611 | D:3      | Noticed Jessica
  1617 | D:3      | Killed Jessica
  1779 | D:4      | Found a staircase to the Ecumenical Temple.
  1788 | Temple   | Entered the Ecumenical Temple
  2020 | D:4      | Found a blossoming altar of Fedhas.
  2170 | D:5      | Entered Level 5 of the Dungeon
  2170 | D:5      | Noticed a steam dragon
  2173 | D:5      | Noticed a black bear
  2182 | D:5      | Killed a steam dragon
  2183 | D:5      | Reached skill level 5 in Fighting
  2183 | D:5      | Reached XP level 7. HP: 22/56 MP: 7/7
  2187 | D:5      | Noticed a yak
  2187 | D:5      | Noticed a yak
  2187 | D:5      | Noticed a yak
  2188 | D:5      | Noticed a yak
  2188 | D:5      | Noticed a yak
  2198 | D:4      | Reached skill level 6 in Shields
  2224 | D:5      | Noticed Blork the orc
  2354 | D:4      | Reached skill level 5 in Armour
  2394 | D:5      | Killed Blork the orc
  2448 | D:5      | Mangled by an ogre

Illustrated notes

Levels and vault maps discovered:
D:1:      onia_arrival_pyramid, layout_loops_cross, serial_glass,
          glass_columns_c, glass_columns_c, hellmonk_ecumenical_altar_zigzags,
          minmay_misc_feat_secret_circle
D:2:      layout_rooms, serial_shops, shop, basic_altar, minmay_3d_cube
D:3:      cheibrodos_fertilizer, layout_loops_ring, dk_noncrumbling_2,
          uniq_jessica
D:4:      layout_cave_pools, fedhas_altar_1, minmay_temple_entry_waves
D:5:      layout_gridville, kennysheep_little_box, uniq_blork_the_orc
Temple:   nicolae_temple_bog_church

Skill      XL: |  1  2  3  4  5  6  7 |
---------------+----------------------+-----
Fighting       | 4 5 |  5.2
Axes           | 3 4 |  4.2
Armour         | 4 5 |  5.1
Shields        | 5 6 |  6.2

Action                     |  1- 3 |  4- 6 |  7- 9 || total
---------------------------+-------+-------+-------++-------
  Melee: War axe           |    74 |   148 |    25 ||   247
  Throw: Dart              |       |     1 |       ||     1
    Use: Potion            |       |     1 |       ||     1
         Scroll            |       |       |     1 ||     1
 Armour: Scale mail        |    50 |    88 |    12 ||   150
  Dodge: Dodged            |    30 |    61 |    14 ||   105
  Block: Buckler           |    28 |    42 |     9 ||    79

Table legend: (Time is in decaauts)
 A = Elapsed time spent in this place.
 B = Non-inter-level travel time spent in this place.
 C = Inter-level travel time spent in this place.
 D = Time resting spent in this place.
 E = Time spent auto-exploring this place.
 F = Levels seen in this place.
 G = Mean time per level.
                   A        B        C        D        E       F      G
               +--------+--------+--------+--------+--------+-----+--------+
         Total |   2548 |   2266 |    282 |    139 |      0 |   6 |  424.7 |
       Dungeon |   2446 |   2164 |    282 |    139 |      0 |   5 |  489.2 |
        Temple |    102 |    102 |      0 |      0 |      0 |   1 |  102.0 |
               +--------+--------+--------+--------+--------+-----+--------+

Top non-repeatable levels by time:
     D:3: 785 daAuts
     D:4: 609 daAuts
     D:1: 499 daAuts
     D:2: 450 daAuts
  Temple: 102 daAuts
     D:5: 101 daAuts
